 Dungeon Crawl Stone Soup version 0.28-a0-724-g66f9036eb4 (webtiles) character file.

Game seed: 12223627372128531449

107 meatgazer the Chiller (level 4, -6/24 HPs)
             Began as a Deep Elf Ice Elementalist on Oct 26, 2021.
             Mangled by a shadow (16 damage)
             ... created by the darkness of Dithmenos
             ... on level 2 of the Dungeon.
             The game lasted 00:07:14 (4013 turns).

meatgazer the Chiller (Deep Elf Ice Elementalist)   Turns: 4013, Time: 00:07:15

Health: -6/24      AC:  2    Str: 11    XL:     4   Next: 57%
Magic:  4/13       EV: 12    Int: 21    God:
Gold:   14         SH:  0    Dex: 15    Spells: 6/13 levels left

rFire   . . .      SeeInvis .   d - +0 dagger
rCold   . . .      Faith    .   (no shield)
rNeg    . . .      Spirit   .   a - +0 robe
rPois   .          Reflect  .   (no helmet)
rElec   .          Harm     .   (no cloak)
rCorr   .          Rampage  .   (no gloves)
Will    .....                   (no boots)
Stlth   ++........              (no amulet)
HPRegen 0.08/turn               e - +6 ring of strength
MPRegen 0.13/turn               (no ring)

@: freezing walls
A: no striking features
a: no special abilities


You were on level 2 of the Dungeon.
You visited 1 branch of the dungeon, and saw 2 of its levels.

You collected 14 gold pieces.

Inventory:

Hand Weapons
 d - a +0 dagger (weapon)
Missiles
 c - 135 stones (quivered)
Armour
 a - a +0 robe (worn)
Jewellery
 e - a +6 ring of strength (left hand)
Scrolls
 b - a scroll of identify {unknown}
 f - a scroll of immolation
 g - a scroll of vulnerability {unknown}
 h - 2 scrolls of teleportation {unknown}
Potions
 i - 2 potions of flight {unknown}


   Skills:
 - Level 2.4 Dodging
 - Level 3.0 Stealth
 + Level 5.0 Spellcasting
 + Level 5.5 Ice Magic


You had 6 spell levels left.
You knew the following spells:

 Your Spells              Type           Power      Damage    Failure   Level
a - Freeze                Ice            100%       1d11      1%          1
b - Frozen Ramparts       Ice            56%        1d7       3%          3
c - Ozocubu's Armour      Ice            28%        N/A       3%          3

Your spell library contained the following spells:

 Spells                   Type           Power      Damage    Failure   Level
 Hailstorm                Conj/Ice       16%        3d6       34%         4
 Blade Hands              Tmut           2%         N/A       96%         5
 Irradiate                Conj/Tmut      2%         3d14      96%         5
 Dragon Form              Tmut           2%         N/A       100%        7


Dungeon Overview and Level Annotations

Branches:
Dungeon (2/15)

Altars:
Dithmenos
Elyvilon


Message History

Your Spellcasting skill increases to level 5!
You start resting.
The frozen ramparts melt away.
You start resting.
Dithmenos calls forth shadows to punish you. 3 shadows come into view.
There are monsters nearby!
There are monsters nearby!
Casting: Frozen Ramparts (quite dangerous; 3% risk of failure)
Confirm with . or Enter, or press ? or * to list all spells.
The spell is quite dangerous to cast (3% risk of failure)!
Continue anyway?
Casting: Frozen Ramparts (quite dangerous; 3% risk of failure)
Press: ? - help, Dir - look around, f - activate The walls around you are covered in ice.
Hit: d) +0 dagger
Press: ? - help, Dir - move target You swing at nothing.
The shadow completely resists.
The wall freezes the shadow but does no damage.
The shadow slips into darkness.
The shadow flickers and vanishes!
Deactivating autopickup; reactivate with Ctrl-A.
Casting: Frozen Ramparts (quite dangerous; 3% risk of failure)
Confirm with . or Enter, or press ? or * to list all spells.
Aiming: Freeze (safe; 1% risk of failure)
Press: ? - help, Shift-Dir - straight line, f - shadow
Aim: a shadow (durably summoned)
You freeze the shadow but do no damage.
The shadow completely resists.
Casting: Freeze (safe; 1% risk of failure)
Confirm with . or Enter, or press ? or * to list all spells.
Aiming: Freeze (safe; 1% risk of failure)
Press: ? - help, Shift-Dir - straight line, f/p - shadow
Aim: a shadow (durably summoned)
You freeze the shadow but do no damage.
The shadow completely resists. x2
The wall freezes the shadow but does no damage.
The shadow misses you. The shadow hits you!
Ouch! That really hurt!
The wall freezes something but does no damage.
The shadow strikes at you from the darkness!
Ouch! That really hurt!
You die...

#.......... ####+#
#..........
......#######..........
.......................
.......?...............
.......................
.....†)................
#WW...............
#@.........####'##
#{.........# #.##
#..........# #..#
##########.#####.#
#........ ########.
#.... #.##. #.#<.


You could see 2 shadows.

Vanquished Creatures
  Natasha (D:2)
  3 adders (D:2)
  3 dart slugs
  2 ball pythons
  4 endoplasms
  3 giant cockroaches
  9 goblins
  7 hobgoblins
  2 jackals (D:1)
  3 kobolds
  2 quokkas (D:1)
  2 bats
  3 frilled lizards
  3 rats
47 creatures vanquished.

Notes
Turn   | Place    | Note
-------+----------+-------------------------------------------
     0 | D:1      | meatgazer the Deep Elf Ice Elementalist began the quest for
                  | the Orb.
     0 | D:1      | Reached XP level 1. HP: 10/10 MP: 6/6
   794 | D:1      | Reached XP level 2. HP: 15/15 MP: 4/8
  1268 | D:1      | Found a faded altar of an unknown god.
  1289 | D:1      | Prayed at the altar of an unknown god.
  1289 | D:1      | Became a worshipper of Dithmenos the Shadowed
  1289 | D:1      | Reached * piety under Dithmenos
  1645 | D:1      | Fell from the grace of Dithmenos
  2107 | D:1      | Reached XP level 3. HP: 19/19 MP: 7/10
  2807 | D:2      | Learned a level 3 spell: Frozen Ramparts
  2816 | D:2      | Found a white marble altar of Elyvilon.
  2886 | D:2      | Reached skill level 5 in Ice Magic
  3264 | D:2      | Noticed Natasha
  3285 | D:2      | Killed Natasha
  3286 | D:2      | Reached XP level 4. HP: 22/24 MP: 4/12
  3766 | D:2      | Learned a level 3 spell: Ozocubu's Armour
  3996 | D:2      | Reached skill level 5 in Spellcasting
  4010 | D:2      | Noticed a shadow
  4010 | D:2      | Noticed a shadow
  4010 | D:2      | Noticed a shadow
  4013 | D:2      | Mangled by a shadow

Illustrated notes

Levels and vault maps discovered:
D:1:      dpeg_arrival_morbid_curiosity, layout_basic,
          hellmonk_ecumenical_altar_blasted, hex_large,
          chequers_serial_rivers_micro_a
D:2:      layout_basic, basic_altar, uniq_crazy_yiuf_cottage, uniq_natasha

Skill      XL: |  1  2  3  4 |
---------------+-------------+-----
Spellcasting   | 4 5 |  5.0
Stealth        | 3 |  3.0
Ice Magic      | 5 |  5.5
Dodging        | |  2.4

Action                   |  1- 3 |  4- 6 || total
-------------------------+-------+-------++-------
Melee: Dagger            |    36 |     1 ||    37
Throw: Stone             |    56 |       ||    56
 Cast: Freeze            |    45 |     4 ||    49
       Frozen Ramparts   |     3 |     5 ||     8
Invok: Renounce Religion |     1 |       ||     1
 Stab: Sleeping          |     1 |       ||     1
Armor: Robe              |    22 |       ||    22
Dodge: Dodged            |    58 |     6 ||    64

Table legend: (Time is in decaauts)
 A = Elapsed time spent in this place.
 B = Non-inter-level travel time spent in this place.
 C = Inter-level travel time spent in this place.
 D = Time resting spent in this place.
 E = Time spent auto-exploring this place.
 F = Levels seen in this place.
 G = Mean time per level.
                   A        B        C        D        E       F      G
               +--------+--------+--------+--------+--------+-----+--------+
         Total |   4018 |   3978 |     40 |   2129 |   1492 |   2 | 2009.0 |
       Dungeon |   4018 |   3978 |     40 |   2129 |   1492 |   2 | 2009.0 |
               +--------+--------+--------+--------+--------+-----+--------+

Top non-repeatable levels by time:
     D:1: 2807 daAuts
     D:2: 1210 daAuts
